 Dungeon Crawl Stone Soup version 0.27-a0-1317-gd1140b374c (webtiles) character file.

Game seed: 2703073341999797609

69 27snakeeyes612 the Chopper (level 4, -1/41 HPs)
             Began as a Minotaur Berserker on June 21, 2021.
             Was a Believer of Trog.
             Slain by Sigmund (14 damage)
             ... on level 3 of the Dungeon.
             The game lasted 00:01:20 (2373 turns).

27snakeeyes612 the Chopper (Minotaur Berserker)     Turns: 2373, Time: 00:01:21

Health: -1/41      AC:  2    Str: 22    XL:     4   Next: 2%
Magic:  3/3        EV: 12    Int:  4    God:    Trog [**....]
Gold:   94         SH:  0    Dex: 10    Spells: 3/3 levels left

rFire    . . .     SeeInvis .   a - +0 hand axe
rCold    . . .     Faith    .   (no shield)
rNeg     . . .     Spirit   .   b - +0 animal skin
rPois    .         Reflect  .   (helmet restricted)
rElec    .         Harm     .   (no cloak)
rCorr    .         Rampage  .   (no gloves)
Will     .....                  (no boots)
Stlth    +.........             (no amulet)
HPRegen  0.13/turn              (no ring)
MPRegen  0.08/turn              (no ring)

@: confused
A: horns 2, retaliatory headbutt
a: Renounce Religion, Berserk, Trog's Hand


You were on level 3 of the Dungeon.
You worshipped Trog.
Trog was pleased with you.
You visited 1 branch of the dungeon, and saw 3 of its levels.

You collected 94 gold pieces.

Inventory:

Hand Weapons
 a - a +0 hand axe (weapon)
 p - a +1 morningstar of flaming
Armour
 b - a +0 animal skin (worn)
 o - a +0 kite shield
Jewellery
 f - a ring of flight
Scrolls
 c - 2 scrolls of teleportation {unknown}
 d - 3 scrolls of identify {unknown}
 h - a scroll of enchant armour {unknown}
 l - a scroll of holy word {unknown}
 n - a scroll of noise {unknown}
Potions
 e - a potion of heal wounds {unknown}
 g - a potion of resistance {unknown}
 i - 2 potions of curing {unknown}
 j - a potion of brilliance {unknown}
 k - a potion of lignification {unknown}
 m - a potion of cancellation {unknown}


   Skills:
 + Level 4.3 Fighting
 + Level 4.7 Axes
 + Level 2.7 Armour
 + Level 3.0 Dodging


You had 3 spell levels left.
You didn't know any spells.
Your spell library was empty.

Dungeon Overview and Level Annotations

Branches:
Dungeon (3/15)

Altars:

Shops:
D:1 *

Annotations:
D:3 Sigmund


Innate Abilities, Weirdness & Mutations

You have a pair of horns on your head.
You reflexively headbutt those who attack you in melee.


Message History

No target in view!
No target in view!
You see here a jackal corpse.
Unknown command.
You see here a +1 morningstar of flaming.
p - a +1 morningstar of flaming
Found a stone staircase leading down.
There is a stone staircase leading down here.
Found a ring mail.
You now have 94 gold pieces (gained 10).
A gnoll comes into view. It is wielding a +0 flail.
A gnoll is nearby!
A gnoll comes into view. It is wielding a +0 spear.
The gnoll shouts!
You hear a shout! x2
A gnoll comes into view. It is wielding a +0 flail.
You hear a bark!
You hear a shout!
The gnoll hits you with a +0 flail.
You hit the gnoll but do no damage. Your headbutt misses the gnoll.
The gnoll hits you from afar with a +0 spear.
The gnoll hits you with a +0 flail! The gnoll barely misses you.
The gnoll misses you.
A gnoll comes into view. It is wielding a +0 spear.
A hound and Sigmund come into view.
Sigmund shouts!
The hound barks!
The hound moves out of view.
Sigmund points at you and mumbles some strange words.
You are confused.
You are too confused!
You bump into the rock wall.
The gnoll hits you from afar with a +0 spear.
An orc comes into view. It is wielding a +0 falchion.
The hound bites you.
You closely miss the hound.
The orc shouts!
Your headbutt misses the hound. The gnoll closely misses you.
The hound barely misses you. x2
The gnoll hits you from afar with a +0 spear!
You bump into the rock wall.
The hound closely misses you.
Sigmund hits you from afar with a +0 scythe!
You die...

..>.#####..##...######.#.
#.#.#......##............
#.#........##..........#
#.###.......#...#..#####
...[......#.#...#..#
.............####..###
#.###.....#..# ##....#
... #.....#...##..##.#
... #######.#.#.@###.#
#.#..h## #.# #.##@g.###.#
#.#...g..#..
.....####g### #..og #g#
....## #.# .... .g. ...
##...


You could see Sigmund, a hound, 2 gnolls and an orc.

Vanquished Creatures
  An adder (D:2)
  7 endoplasms
  5 giant cockroaches
  4 goblins
  3 hobgoblins
  13 jackals
  3 quokkas
  3 bats (D:1)
  2 frilled lizards (D:2)
  5 kobolds
  2 rats
48 creatures vanquished.

Notes
Turn   | Place    | Note
-------+----------+-------------------------------------------
     0 | D:1      | 27snakeeyes612 the Minotaur Berserker began the quest for
                  | the Orb.
     0 | D:1      | Reached XP level 1. HP: 19/19 MP: 0/0
    87 | D:1      | Reached XP level 2. HP: 27/27 MP: 1/1
   690 | D:1      | Found Soitodgh's Assorted Antiques.
   859 | D:1      | Reached ** piety under Trog
   905 | D:1      | Reached XP level 3. HP: 32/33 MP: 2/2
  1873 | D:2      | Found a faded altar of an unknown god.
  2233 | D:3      | Reached XP level 4. HP: 30/41 MP: 3/3
  2368 | D:3      | Noticed Sigmund
  2373 | D:3      | Slain by Sigmund

Illustrated notes

Levels and vault maps discovered:
D:1:      dpeg_arrival_rooms_a, layout_loops_corners, serial_shops,
          nicolae_shop_competitors_out_of_business, minmay_hedge_maze,
          chequers_serial_rivers_room_b
D:2:      layout_loops_corners, hellmonk_ecumenical_altar_pennies_from_heaven,
          kennysheep_boxes
D:3:      layout_rooms, lemuel_tele_altar,
          nicolae_gozag_cash_rules_everything_around_me, lemuel_doored_altar,
          minivault_4, uniq_sigmund

Skill      XL: |  1  2  3  4 |
---------------+-------------+-----
Axes           | 4 |  4.7
Fighting       | 4 |  4.3
Dodging        | 3 |  3.0
Armour         | |  2.7

Action                   |  1- 3 |  4- 6 || total
-------------------------+-------+-------++-------
Melee: Hand axe          |    92 |     2 ||    94
       Headbutt          |    18 |       ||    18
Armor: Animal skin       |    21 |     1 ||    22
Dodge: Dodged            |    43 |     7 ||    50

Table legend: (Time is in decaauts)
 A = Elapsed time spent in this place.
 B = Non-inter-level travel time spent in this place.
 C = Inter-level travel time spent in this place.
 D = Time resting spent in this place.
 E = Time spent auto-exploring this place.
 F = Levels seen in this place.
 G = Mean time per level.
                   A        B        C        D        E       F      G
               +--------+--------+--------+--------+--------+-----+--------+
         Total |   2404 |   2324 |     80 |      0 |   2056 |   3 |  801.3 |
       Dungeon |   2404 |   2324 |     80 |      0 |   2056 |   3 |  801.3 |
               +--------+--------+--------+--------+--------+-----+--------+

Top non-repeatable levels by time:
     D:2: 1087 daAuts
     D:1: 1080 daAuts
     D:3: 236 daAuts
